 Dungeon Crawl Stone Soup version 0.27.0-1-g7a089689b8 (webtiles) character file.

Game seed: 15849122792477478897

16 Descartes the Skirmisher (level 2, -2/14 HPs)
             Began as a Felid Wanderer on Aug 1, 2021.
             Frozen to death by an endoplasm (5 damage)
             ... on level 1 of the Dungeon.
             The game lasted 00:00:59 (1091 turns).

Descartes the Skirmisher (Felid Wanderer)           Turns: 1091, Time: 00:00:59

Health: -2/14      AC:  1    Str:  7    XL:     2   Next: 37%
Magic:  4/4        EV: 16    Int: 11    God:
Gold:   54         SH:  0    Dex: 18    Spells: 2/3 levels left
                                        Lives:  0   Deaths: 0

rFire    . . .     SeeInvis +     - Unarmed
rCold    . . .     Faith    .   (shield unavailable)
rNeg     . . .     Spirit   .   (armour unavailable)
rPois    .         Reflect  .   (helmet unavailable)
rElec    .         Harm     .   (cloak unavailable)
rCorr    .         Rampage  .   (gloves unavailable)
Will     .....                  (boots unavailable)
Stlth    ++........             (no amulet)
HPRegen  0.04/turn              (no ring)
MPRegen  0.09/turn              (no ring)

@: quick
A: very small, claws 1, fangs 3, see invisible, speed 1, shaggy fur 1, stealthy
paws, no weapons or thrown items, no armour, multi-lived
a: no special abilities


You were on level 1 of the Dungeon.
You visited 1 branch of the dungeon, and saw 1 of its levels.

You collected 54 gold pieces.

Inventory:

Scrolls
 b - 2 scrolls of teleportation
 c - a scroll of identify {unknown}
 d - a scroll of brand weapon {unknown}
 e - a scroll of enchant weapon {unknown}
Potions
 a - a potion of lignification


   Skills:
 - Level 3.0 Fighting
 + Level 1.4 Dodging
 + Level 2.3 Stealth
 + Level 2.3 Unarmed Combat
 - Level 1.0 Spellcasting
 - Level 1.5 Hexes
 - Level 1.0 Ice Magic
 - Level 1.1 Evocations


You had 2 spell levels left.
You knew the following spells:

 Your Spells              Type           Power      Damage    Failure   Level
a - Magic Dart            Conj           0%         1d3       32%         1

Your spell library contained the following spells:

 Spells                   Type           Power      Damage    Failure   Level
 Slow                     Hex            3%         N/A       26%         2
 Blink                    Tloc           N/A        N/A       43%         2
 Call Imp                 Summ           0%         N/A       43%         2
 Conjure Flame            Conj/Fire      0%         6-21      67%         3
 Mephitic Cloud           Conj/Pois/Air  0%         N/A       67%         3


Dungeon Overview and Level Annotations

Branches:
Dungeon (1/15)

Altars:


Innate Abilities, Weirdness & Mutations

You have sharp claws.
You have razor-sharp teeth.
You have supernaturally acute eyesight. (SInv)
You cover ground quickly. (Speed+)
You are covered in fur. (AC +1)
Your paws help you pounce on unaware monsters.
You are incapable of wielding weapons or throwing items.
You cannot wear armour.
You gain extra lives every three experience levels.


Message History

You closely miss the jackal. You bite the jackal, but do no damage.
The jackal bites you.
You barely miss the jackal. The jackal barely misses you.
The jackal misses you.
You scratch the jackal.
The jackal is lightly wounded.
The jackal bites you.
You completely miss the jackal. You bite the jackal.
The jackal is severely wounded.
The jackal barely misses you.
You barely miss the jackal.
The jackal is severely wounded.
The jackal misses you. x2
You closely miss the jackal.
The jackal is severely wounded.
The jackal bites you.
You are too injured to fight recklessly!
You are too injured to fight recklessly!
You are too injured to fight recklessly!
You are too injured to fight recklessly!
You are too injured to fight recklessly!
A jackal is nearby!
You barely miss the jackal. You bite the jackal, but do no damage.
The jackal is severely wounded.
The jackal closely misses you.
An endoplasm comes into view.
The jackal barely misses you.
You scratch the jackal.
You kill the jackal!
You see here a jackal corpse.
You scratch the endoplasm.
The endoplasm is lightly wounded.
The endoplasm freezes you.
You are frozen.
* * * LOW HITPOINT WARNING * * *
You scratch the endoplasm.
The endoplasm is moderately wounded.
The endoplasm freezes you.
You are frozen.
You die...

........# #.#.# #...........#
..###...## #.#.# #...........#
#...#....####.#.# #...........#
###...##...#..#.# ##.........##
......####...##.#######.......##
.....######.##......###.#.#####
........######...$..........
.....#.......#?.............#
..............†.@J..........#
.....#...#####.......... ...
.....###.†.............. ....##
#######......#### .... #......#
.... #........ ... ########.. ##


You could see an endoplasm.

Vanquished Creatures
  A dart slug (D:1)
  An endoplasm (D:1)
  A hobgoblin (D:1)
  3 jackals (D:1)
  A quokka (D:1)
  A ball python (D:1)
  2 bats (D:1)
  A goblin (D:1)
  A kobold (D:1)
  2 rats (D:1)
14 creatures vanquished.

Notes
Turn   | Place    | Note
-------+----------+-------------------------------------------
     0 | D:1      | Descartes the Felid Wanderer began the quest for the Orb.
     0 | D:1      | Descartes set off with the following items: a potion of
                  | lignification, a scroll of teleportation; and the following
                  | spell memorised: Magic Dart; and the following spells
                  | available to memorise: Slow, Blink, Call Imp, Conjure
                  | Flame, Mephitic Cloud
     0 | D:1      | Reached XP level 1. HP: 10/10 MP: 3/3
   416 | D:1      | Reached skill level 1 in Dodging
   664 | D:1      | Reached XP level 2. HP: 13/14 MP: 4/4
  1091 | D:1      | Frozen to death by an endoplasm

Illustrated notes

Levels and vault maps discovered:
D:1:      tarquinn_simple_flora_water_a, layout_rooms

Skill      XL: |  1 |
---------------+----+-----
Dodging        | 1 |  1.4
Stealth        | 2 |  2.3
Fighting       | |  3.0
Unarmed Combat | |  2.3
Spellcasting   | |  1.0
Hexes          | |  1.5
Ice Magic      | |  1.0
Evocations     | |  1.1

Action                   || total
-------------------------++-------
Melee: Unarmed           ||    53
       Bite              ||    12
       Punch             ||     1
 Stab: Sleeping          ||     1
Armor: Skin              ||     3
Dodge: Dodged            ||    39
